Map: Eternal Empire LE

Players

Maru

  • Race: Terran Terran
  • Spawn Location: 1:00

DPGCure (Cure) - Winner!

  • Race: Terran Terran
  • League: Master
  • Spawn Location: 7:00

Event: DreamHack SC2 Masters 2020 Summer Season Finals

VOD

Have the link to the VOD?

Description

Time

  • Played on: July 18, 2020, 2 p.m.
  • Length: 22:43

All games in this series

Show
View Real Time Build Order
Export as new Build Order

Maru Terran 

Build Orders: Mech 

Get SALT Encoding   

  12  0:00  SCV  
  13  0:12  SCV  
  14  0:17  Supply Depot  
  14  0:24  SCV  
  15  0:38  SCV  
  15  0:40  Barracks  
  16  0:44  Refinery  
  16  0:50  SCV  
  16  0:53  Refinery  
  17  1:02  SCV  
  18  1:15  SCV  
  19  1:27  Orbital Command  
  19  1:28  Reaper  
  19  1:30  Supply Depot  
  20  1:42  Factory  
  21  1:54  SCV  
  21  2:00  Reaper  
  22  2:06  SCV  
  23  2:18  SCV  
  24  2:27  Command Center  
  24  2:29  Hellion  
  26  2:30  SCV  
  26  2:35  Barracks Reactor  
  27  2:38  Supply Depot  
  27  2:42  SCV  
  28  2:51  Factory Tech Lab  
  28  2:52  Starport  
  28  2:55  SCV  
  29  3:09  SCV  
  29  3:10  Cyclone  
  33  3:15  Refinery  
  33  3:18  Marine x2  
  35  3:22  SCV  
  36  3:30  Starport Tech Lab  
  36  3:34  SCV  
  36  3:36  Marine x2  
  36  3:40  Orbital Command  
  39  3:46  Siege Tank  
  42  3:54  SCV  
  43  3:58  Raven  
  44  4:06  SCV, Marine x2  
  47  4:12  SCV  
  47  4:13  Supply Depot  
  48  4:18  SCV  
  48  4:21  Siege Tank  
  52  4:24  SCV  
  52  4:30  SCV  
  52  4:32  Marine x2  
  52  4:34  Supply Depot  
  52  4:36  SCV  
  55  4:41  Raven  
  55  4:43  SCV  
  58  4:48  SCV  
  58  4:49  Supply Depot  
  59  5:03  SCV, Command Center  
  59  5:04  SCV  
  59  5:06  Siege Tank  
  64  5:08  Marine x2  
  66  5:15  SCV  
  66  5:17  Mag-Field Accelerator  
  66  5:21  SCV  
  66  5:23  Supply Depot, Refinery  
  66  5:28  SCV  
  68  5:29  Liberator  
  68  5:33  SCV  
  72  5:36  Marine  
  72  5:37  Marine  
  72  5:40  SCV  
  72  5:41  Siege Tank  
  78  5:45  SCV  
  79  5:52  SCV  
  79  5:55  Factory  
  80  5:58  SCV  
  80  6:00  Engineering Bay, Factory  
  82  6:04  SCV  
  82  6:10  SCV  
  83  6:13  Command Center  
  83  6:16  SCV  
  84  6:22  SCV  
  84  6:25  Supply Depot  
  85  6:31  SCV, Cyclone  
  83  6:36  SCV  
  80  6:46  SCV  
  81  6:48  SCV  
  81  6:52  Hellion x2, Siege Tank  
  89  6:58  SCV  
  90  7:01  Missile Turret  
  90  7:03  Cyclone, Missile Turret  
  93  7:13  Supply Depot  
  93  7:14  Supply Depot  
  93  7:22  Command Center  
  93  7:25  Viking, Hellion x2, Siege Tank  
  102  7:30  SCV x2  
  104  7:39  Siege Tank  
  104  7:40  Armory x2  
  104  7:43  SCV x2  
  109  7:46  Orbital Command  
  109  7:47  Supply Depot  
  109  7:55  SCV  
  109  7:56  Hellion x2, Starport Reactor  
  114  7:58  SCV  
  114  8:04  Refinery  
  115  8:06  Factory  
  115  8:07  Refinery  
  115  8:08  Factory  
  115  8:10  Supply Depot  
  115  8:14  SCV x3  
  115  8:17  Siege Tank x2  
  115  8:18  Hellion x2  
  128  8:22  Supply Depot  
  128  8:26  SCV  
  129  8:38  Terran Vehicle Weapons Level 1, SCV, Terran Vehicle And Ship Armor Level 1  
  129  8:39  SCV x2  
  132  8:47  Viking x2, Hellion x2  
  140  8:50  SCV, Infernal Pre-Igniter  
  140  8:51  Supply Depot  
  140  8:52  Supply Depot  
  140  8:53  Factory Reactor, Factory Tech Lab  
  141  9:01  Sensor Tower  
  138  9:15  Siege Tank x2  
  144  9:19  SCV x3  
  146  9:30  Hellion x3, Cyclone  
  146  9:31  SCV x3, Hellion  
  160  9:40  Orbital Command  
  160  9:42  Sensor Tower  
  160  9:43  SCV  
  161  9:46  Refinery  
  161  9:47  Supply Depot, Cyclone x2, Refinery  
  161  9:52  Hellion  
  169  9:54  Missile Turret  
  169  9:57  SCV x3  
  172  10:02  Cyclone  
  175  10:19  Command Center, Siege Tank  
  178  10:23  Cyclone  
  181  10:30  Command Center  
  181  10:33  Terran Vehicle Weapons Level 2, Terran Vehicle And Ship Armor Level 2  
  181  10:34  Cyclone  
  177  10:41  Hellion x2  
  181  10:51  Siege Tank  
  181  10:55  Siege Tank  
  181  11:03  Sensor Tower  
  181  11:04  Supply Depot  
  181  11:05  Command Center  
  181  11:09  Factory  
  181  11:10  Factory x2  
  181  11:15  Viking x2  
  181  11:16  Missile Turret  
  182  11:33  Cyclone  
  176  11:42  Cyclone  
  176  11:48  Cyclone  
  178  11:56  SCV x4  
  182  12:05  Cyclone, Factory Tech Lab x2  
  180  12:14  Cyclone, Liberator x2  
  156  12:20  Cyclone  
  155  12:26  Hellion x2, Siege Tank x2  
  165  12:31  SCV  
  165  12:32  Planetary Fortress  
  165  12:34  SCV x2  
  165  12:36  Orbital Command  
  168  12:37  Siege Tank  
  168  12:40  Orbital Command  
  168  12:43  SCV, Orbital Command x2  
  172  12:46  SCV, Siege Tank  
  176  12:53  Siege Tank  
  176  12:58  Siege Tank  
  176  13:01  Liberator x2  
  178  13:21  Cyclone x3  
  178  13:22  Hellion x2  
  191  13:30  Orbital Command  
  188  13:40  SCV  
  189  13:42  SCV x2  
  189  13:43  SCV x2, Orbital Command  
  189  13:45  Cyclone x2  
  189  13:46  Unknown  
  189  13:48  Terran Vehicle Weapons Level 3  
  193  13:52  SCV  
  178  14:03  Cyclone x3  
  178  14:04  Hellion  
  178  14:08  SCV x3  
  178  14:09  SCV x3  
  183  14:17  Cyclone  
  183  14:20  SCV x3  
  183  14:22  Cyclone  
  183  14:28  Hellion x3  
  183  14:29  Factory Reactor  
  184  14:35  Cyclone x2  
  190  14:55  Cyclone x2  
  196  15:00  Missile Turret  
  196  15:03  Command Center  
  196  15:04  Missile Turret x2, Liberator  
  197  15:15  Refinery  
  197  15:16  Refinery  
  197  15:17  Command Center  
  197  15:18  Missile Turret x2  
  197  15:20  Terran Vehicle And Ship Armor Level 3, Missile Turret  
  195  15:37  Cyclone x3  
  195  15:38  Hellion  
  194  15:48  Siege Tank x2  
  194  15:49  Hellion  
  195  15:56  Hellion  
  177  16:02  Hellion, Liberator  
  171  16:09  Cyclone x3  
  174  16:20  Hellion, Cyclone  
  174  16:21  Cyclone  
  174  16:25  Hellion  
  177  16:41  Cyclone, Siege Tank  
  177  16:42  Siege Tank  
  177  16:43  Hellion  
  188  16:53  Cyclone, Siege Tank  
  188  17:13  Cyclone  
  188  17:14  Cyclone x2  
  185  17:15  Hellion  
  185  17:21  Orbital Command  
  182  17:25  Cyclone x2  
  182  17:26  Hellion  
  174  17:46  Cyclone x3  
  168  17:57  Cyclone x2  
  168  17:58  Hellion x3  
  174  17:59  Hellion x2  
  174  18:04  Command Center  
  176  18:07  Hellion  
  178  18:18  Cyclone x3  
  178  18:19  Hellion  
  189  18:29  Cyclone x2  
  180  18:50  Cyclone x3  
  186  19:01  Cyclone x2  
  186  19:02  Hellion  
  186  19:13  Orbital Command  
  178  19:19  Hellion x3  
  178  19:22  Cyclone x3  
  181  19:33  Cyclone x2  
  181  19:37  Hellion x3  
  187  19:40  SCV x5  
  192  19:46  Hellion  
  192  19:52  SCV x2  
  193  19:54  Cyclone x2  
  187  20:02  Cyclone  
  187  20:03  Hellion x2  
  187  20:05  Cyclone x2  
  185  20:08  Hellion x3  
  178  20:24  SCV x2, Hellion  
  178  20:26  Cyclone x2, Orbital Command  
  188  20:34  Cyclone  
  191  20:37  Siege Tank x2  
  184  20:44  Hellion  
  172  20:58  Cyclone x2  
  171  21:06  Siege Tank  
  171  21:07  Hellion x2  
  171  21:09  Cyclone, Siege Tank  
  180  21:15  Hellion  
  137  21:27  Hellion  
  137  21:28  Hellion  
  137  21:30  Cyclone x2  
  141  21:38  Cyclone  
  144  21:41  Hellion x2, Cyclone  
  144  21:42  Cyclone  
  154  21:58  Hellion  
  156  22:02  Cyclone x2  
  156  22:06  Orbital Command  
  156  22:08  Hellion  
  142  22:17  Hellion  
Show
View Real Time Build Order
Export as new Build Order

DPGCure Terran - Winner!

Build Orders: Cyclone Opening, Mech 

Get SALT Encoding   

  12  0:00  SCV  
  13  0:12  SCV  
  14  0:17  Supply Depot  
  14  0:24  SCV  
  15  0:39  SCV  
  15  0:40  Barracks  
  16  0:46  Refinery  
  16  0:51  SCV  
  16  0:55  Refinery  
  17  1:03  SCV  
  18  1:15  SCV  
  19  1:26  Reaper  
  19  1:27  Orbital Command  
  20  1:42  Factory  
  20  1:49  Supply Depot  
  20  1:53  SCV  
  21  1:59  Reaper  
  22  2:05  SCV  
  23  2:17  SCV  
  24  2:26  Factory Tech Lab  
  24  2:30  SCV  
  24  2:31  Reaper  
  26  2:40  Command Center  
  26  2:42  Supply Depot  
  26  2:48  Cyclone  
  26  2:51  SCV  
  30  2:56  Mag-Field Accelerator  
  30  3:03  SCV  
  31  3:15  SCV  
  32  3:20  Cyclone  
  35  3:27  SCV  
  35  3:29  Supply Depot  
  35  3:31  Factory  
  36  3:39  SCV  
  37  3:51  SCV  
  38  3:58  Cyclone, Refinery  
  38  4:00  Refinery  
  41  4:03  SCV  
  42  4:14  Factory Tech Lab  
  42  4:16  SCV  
  43  4:18  Orbital Command  
  43  4:28  SCV  
  44  4:33  Cyclone  
  50  4:40  SCV  
  50  4:41  Command Center  
  50  4:44  SCV  
  49  4:54  SCV  
  49  4:57  SCV  
  51  5:00  Cyclone  
  51  5:05  Supply Depot  
  51  5:06  SCV  
  55  5:09  SCV  
  55  5:18  SCV, Starport  
  56  5:21  SCV  
  56  5:24  Barracks  
  56  5:28  Cyclone  
  60  5:30  SCV  
  60  5:34  SCV  
  60  5:35  Siege Tank  
  65  5:42  SCV  
  66  5:43  Supply Depot  
  66  5:46  SCV  
  67  5:54  SCV, Starport Reactor  
  68  5:58  SCV  
  69  6:06  SCV  
  69  6:08  Siege Tank x2  
  69  6:10  SCV  
  78  6:12  Orbital Command  
  77  6:20  SCV, Factory  
  77  6:22  SCV, Armory  
  78  6:32  SCV  
  78  6:34  SCV  
  76  6:40  Siege Tank x2  
  76  6:41  Viking  
  76  6:43  Viking  
  86  6:52  SCV x3  
  89  6:55  Refinery  
  89  6:56  Refinery  
  89  7:01  Supply Depot  
  89  7:02  Supply Depot  
  89  7:06  SCV x3  
  92  7:18  SCV  
  93  7:23  SCV x2  
  93  7:25  Terran Vehicle Weapons Level 1, Supply Depot  
  93  7:26  Siege Tank  
  98  7:30  Supply Depot  
  98  7:33  Armory  
  98  7:34  SCV  
  98  7:35  SCV x2  
  101  7:40  Factory Reactor  
  101  7:43  Viking x2  
  105  7:46  SCV  
  105  7:47  SCV x2  
  107  7:59  Factory  
  107  8:00  Factory  
  107  8:01  SCV x3  
  110  8:13  Cyclone x2, Command Center  
  116  8:21  SCV x3  
  118  8:35  Hellion x2, Terran Vehicle And Ship Armor Level 1  
  118  8:40  SCV x3  
  118  8:41  Factory  
  125  8:42  Factory x2  
  125  8:43  Factory Reactor, Factory Tech Lab  
  125  8:49  Supply Depot  
  125  8:50  Supply Depot  
  125  8:51  Supply Depot, Cyclone  
  125  8:53  SCV x2  
  125  8:54  SCV  
  128  9:06  SCV x3  
  128  9:07  Cyclone  
  132  9:11  Hellion x2, Cyclone  
  132  9:12  Refinery  
  132  9:14  Refinery  
  137  9:18  SCV x2  
  137  9:19  SCV, Terran Vehicle Weapons Level 2  
  138  9:25  Factory Tech Lab  
  138  9:26  Factory Reactor  
  138  9:27  Factory Tech Lab  
  138  9:30  SCV  
  138  9:31  SCV  
  140  9:34  Cyclone  
  140  9:37  Liberator x2  
  149  9:39  Cyclone  
  149  9:41  Orbital Command  
  149  9:42  Hellion  
  149  9:43  Hellion x2  
  158  9:47  Supply Depot x2  
  158  9:52  Cyclone x2  
  164  9:59  Cyclone  
  170  10:00  Supply Depot  
  165  10:15  Command Center  
  165  10:18  Cyclone x2  
  165  10:19  Hellion  
  165  10:20  Hellion  
  175  10:22  Hellion x2  
  175  10:24  Cyclone x2  
  185  10:44  Cyclone  
  185  10:45  Hellion x2  
  192  10:50  Cyclone  
  192  10:53  Cyclone  
  195  10:59  Terran Vehicle And Ship Armor Level 2  
  195  11:14  Command Center  
  195  11:15  Command Center  
  195  11:17  Command Center, Starport x2, Fusion Core  
  195  11:18  Cyclone  
  194  11:26  Cyclone  
  194  11:29  Cyclone  
  194  11:30  Hellion  
  198  11:41  Unknown  
  198  11:42  Engineering Bay  
  195  11:47  Cyclone x2  
  195  11:48  Hellion  
  195  11:51  Terran Vehicle Weapons Level 3  
  195  11:53  Starport Tech Lab x2  
  199  12:07  SCV x2  
  199  12:08  SCV x2  
  195  12:10  Hellion, Cyclone x2  
  195  12:11  Hellion  
  192  12:19  SCV x2  
  192  12:20  SCV x2  
  191  12:27  Cyclone  
  191  12:28  Hellion x2, Cyclone x2  
  196  12:31  SCV  
  196  12:32  SCV x3  
  200  12:40  Orbital Command  
  200  12:46  Sensor Tower  
  192  13:00  Cyclone x2  
  192  13:01  Hellion  
  200  13:08  Corvid Reactor  
  200  13:18  Starport Tech Lab  
  200  13:19  Terran Vehicle And Ship Armor Level 3  
  186  13:28  Hellion, Cyclone x3  
  186  13:29  Hellion  
  186  13:32  Planetary Fortress, Cyclone  
  196  13:37  Cyclone  
  196  13:38  Hellion x2  
  194  13:42  SCV  
  194  13:43  SCV  
  195  13:48  Hellion x2  
  195  13:51  SCV x3  
  195  13:53  Hellion  
  178  14:03  SCV  
  170  14:10  Hellion, Cyclone x2  
  170  14:11  Hellion, Cyclone  
  170  14:12  Orbital Command  
  170  14:13  Hellion, Cyclone x2  
  191  14:18  Hellion  
  184  14:27  SCV x2  
  184  14:28  SCV  
  184  14:36  Raven x2  
  190  14:39  Raven  
  190  14:42  Cyclone  
  190  14:45  Cyclone  
  196  14:48  Command Center  
  192  14:57  Cyclone x2  
  192  14:58  Hellion  
  200  15:07  Sensor Tower  
  198  15:18  Missile Turret  
  198  15:19  Hellion  
  200  15:28  Command Center  
  200  15:30  Command Center  
  200  15:41  Raven x3  
  196  15:45  Command Center  
  196  15:48  Siege Tank x3  
  166  15:59  Siege Tank x2  
  166  16:00  Hellion x4  
  178  16:09  Infernal Pre-Igniter  
  170  16:12  Planetary Fortress  
  170  16:20  Hellion x2, Siege Tank x2  
  170  16:21  Hellion, Siege Tank  
  170  16:23  Raven  
  170  16:24  Raven  
  180  16:37  Siege Tank  
  180  16:38  Hellion x3, Siege Tank  
  188  16:43  Raven  
  184  16:57  Planetary Fortress  
  184  16:58  SCV  
  184  16:59  SCV x4  
  184  17:00  Missile Turret  
  184  17:03  SCV  
  184  17:06  Raven x2  
  186  17:11  SCV x2  
  186  17:13  Cyclone x2  
  186  17:14  Hellion x3  
  197  17:18  SCV x2  
  193  17:43  Hellion x2, Cyclone x3  
  193  17:44  Hellion  
  184  17:49  Raven x3  
  175  18:02  Unknown  
  175  18:03  Orbital Command  
  175  18:04  Missile Turret  
  175  18:05  Cyclone, Missile Turret  
  171  18:10  Cyclone  
  175  18:24  Cyclone x3  
  184  18:38  Raven, Cyclone  
  184  18:40  Hellion  
  191  18:42  Cyclone  
  181  18:51  Hellion x3  
  185  18:56  Cyclone x2  
  185  19:00  Orbital Command  
  172  19:18  Hellion x2, Cyclone x2  
  172  19:19  Hellion, Cyclone  
  187  19:37  Siege Tank x2  
  188  19:45  Hellion x4  
  196  19:50  Cyclone, Orbital Command  
  196  19:52  SCV  
  200  19:57  Hellion x2, Cyclone  
  196  20:04  Cyclone  
  196  20:06  Hellion x3  
  197  20:09  Hellion  
  189  20:23  Cyclone x2  
  189  20:24  Hellion, Cyclone  
  189  20:25  Hellion  
  200  20:44  Command Center  
  193  21:06  Cyclone  
  193  21:07  Cyclone  
  193  21:08  Cyclone  
  193  21:10  Hellion x3, Cyclone  
  187  21:16  Hellion, Cyclone  
  160  21:38  Cyclone  
  163  21:41  Hellion x2, Cyclone x2  
  163  21:45  Command Center  
  173  22:09  Orbital Command  
  173  22:11  SCV x2  
  131  22:19  Hellion  
Tags
 
Add a new tag
Caveats
  • Supply blocks, unpowered buildings, or Contaminate may cause inaccurate times.
  • Supply counts are checked every 10 seconds.